 Dungeon Crawl Stone Soup version 0.31.0-32-g396128a36d (webtiles) character file.

Game seed: 15864065029811949578

791 spaghetti the Fighter (level 7, -3/89 HPs)
             Began as an Oni Chaos Knight on Mar 10, 2024.
             Was a Plaything of Xom.
             Slain by a wraith (14 damage)
             ... on level 6 of the Dungeon.
             The game lasted 00:08:03 (5880 turns).

spaghetti the Fighter (Oni Chaos Knight)            Turns: 5880, Time: 00:08:04

Health: -3/89      AC:  5    Str: 17      XL:     7   Next: 88%
Magic:  3/7        EV: 14    Int: 21      God:    Xom [...*..]
Gold:   160        SH:  0    Dex:  2 (4)  Spells: 3/6 levels left

rFire   + . .        a - +0 spear (chaos)
rCold   + . .        c - orb {*channel}
rNeg    . . .        b - +2 robe
rPois   +            (helmet restricted)
rElec   +            (no cloak)
rCorr   +            (gloves unavailable)
SInv    .            (boots unavailable)
Will    .....        (no amulet)
Stlth   +            l - +6 ring of intelligence
HPRegen 0.34/turn    g - +5 ring of evasion
MPRegen 0.10/turn

%: clarity, channel magic (20%)
@: resistant, slowed, very slow
A: large, unfitting armour, horns 1, tough skin 1, double potion healing,
drunken brawling, clarity, clumsy 2, deterioration 1, robust 1
a: Renounce Religion


You were on level 6 of the Dungeon.
You worshipped Xom.
You were a favourite toy of Xom.
You visited 1 branch of the dungeon, and saw 6 of its levels.

You collected 160 gold pieces.

Inventory:

Hand Weapons
 a - a +0 spear of chaos (weapon)
Armour
 b - a +2 robe (worn)
 c - an orb of energy (worn)
Jewellery
 g - a +5 ring of evasion (right hand)
 j - a ring of flight
 l - a +6 ring of intelligence (left hand)
Wands
 m - a wand of flame (16)
Scrolls
 d - 2 scrolls of noise
 e - 3 scrolls of immolation
 k - 4 scrolls of identify
Potions
 h - 2 potions of degeneration


   Skills:
 + Level 8.9 Fighting
 - Level 3.0 Polearms
 - Level 2.1 Dodging
 + Level 3.5 Translocations
 + Level 3.5 Fire Magic


You had 3 spell levels left.
You knew the following spells:

 Your Spells              Type           Power      Damage    Failure   Level
a - Volatile Blastmotes   Fire/Tloc      28%        2d12      30%         3

Your spell library contained the following spells:

 Spells                   Type           Power      Damage    Failure   Level
 Dazzling Flash           Conj/Hex       0%         N/A       69%         3
 Starburst                Conj/Fire      3%         6d3       100%        6
 Maxwell's Capacitive Co  Air            0%         ∞         100%        8


Dungeon Overview and Level Annotations

Branches:
Dungeon (6/15)             Temple (0/1) D:4

Altars:
Uskayaw

Annotations:
D:4 Pikel
D:6 2 runed translucent doors


Innate Abilities, Weirdness & Mutations

You are too large for most types of armour.
You have a pair of small horns on your head.
You have tough skin. (AC +1)
You gain doubled healing and magic from potions.
Whenever you drink a healing potion, you attack all around you.
You possess an exceptional clarity of mind.
You are very clumsy. (Dex -4)
Your body sometimes deteriorates upon taking damage.
You are robust. (+10% HP)


Message History

The adder completely misses you. The wraith barely misses you.
You barely miss the wraith.
The wraith is heavily damaged.
The adder bites you. The wraith completely misses you.
The adder bites you but does no damage.
You closely miss the wraith.
The wraith is heavily damaged.
The adder closely misses you. The wraith hits you. The adder barely misses you.
The wraith hits you.
You hit the wraith but do no damage.
The acid corrodes the wraith!
The wraith is heavily damaged.
The adder bites you but does no damage. The wraith closely misses you.
The adder closely misses you.
You hit the wraith but do no damage.
The wraith is moderately damaged.
The adder completely misses you. The wraith barely misses you.
The adder bites you but does no damage.
You hit the wraith.
The wraith is heavily damaged.
The wraith hits you but does no damage. The adder bites you but does no damage.
The wraith hits you!
* * * LOW HITPOINT WARNING * * *
The wraith drains your vigour!
You feel as though you will be slow longer.
The adder bites you.
* * * LOW HITPOINT WARNING * * *
Okay, then.
Okay, then.
You hit the wraith.
The wraith seems to grow stronger.
The wraith is heavily damaged.
The adder barely misses you. The wraith hits you!
* * * LOW HITPOINT WARNING * * *
The adder bites you but does no damage.
Unknown command.
Unknown command.
You closely miss the wraith.
The wraith is heavily damaged.
The wraith misses you. The adder barely misses you. The wraith hits you!
You die...
Xom cackles wildly!

. ######## ...
###......#####.....
..........W@So.>..#
###......######...#
#................
#####...........#
#...........#
#..........##
#..........##
#...........#
########....#


You could see a wraith (strong, corroded), an adder and an orc.

Vanquished Creatures
  An ice beast (D:5)
  A black bear (D:6)
  3 lemures
  3 phantoms
  A scorpion (D:5)
  A killer bee (D:5)
  2 hounds
  An iguana (D:4)
  3 gnolls
  7 adders
  2 ufetubi (D:5)
  2 dart slugs
  A ribbon worm (D:3)
  7 orcs
  5 ball pythons
  5 bats
  9 endoplasms
  3 giant cockroaches
  7 goblins
  10 hobgoblins
  4 jackals (D:1)
  2 quokkas
  2 frilled lizards
  12 kobolds
  7 rats
101 creatures vanquished.

Notes
Turn   | Place    | Note
-------+----------+-------------------------------------------
     0 | D:1      | spaghetti the Oni Chaos Knight began the quest for the Orb.
     0 | D:1      | Reached XP level 1. HP: 24/24 MP: 1/1
    11 | D:1      | XOM: potion effect (brilliance)
    66 | D:1      | Reached XP level 2. HP: 33/33 MP: 2/2
   112 | D:1      | XOM: silly message
   142 | D:1      | Reached skill level 5 in Fighting
   339 | D:1      | Reached XP level 3. HP: 33/42 MP: 3/3
   351 | D:1      | XOM: silly message
   387 | D:1      | XOM: divination: detect items
   632 | D:1      | XOM: divination: magic mapping
   975 | D:2      | Reached skill level 6 in Fighting
  1016 | D:2      | You fall into a shaft and drop 1 floor!
  1076 | D:4      | Reached XP level 4. HP: 32/53 MP: 4/4
  1170 | D:2      | XOM: silly message
  1461 | D:3      | Found a hide-covered altar of Uskayaw.
  1485 | D:3      | Reached skill level 7 in Fighting
  1490 | D:3      | Learned a level 3 spell: Volatile Blastmotes
  1808 | D:3      | Reached XP level 5. HP: 54/62 MP: 5/5
  2186 | D:4      | Reached skill level 1 in Translocations
  2186 | D:4      | Reached skill level 1 in Fire Magic
  2729 | D:4      | XOM: 1-stop teleportation journey
  3014 | D:4      | Found a staircase to the Ecumenical Temple.
  3310 | D:5      | Entered Level 5 of the Dungeon
  3310 | D:5      | Noticed Pikel
  3310 | D:5      | Noticed a lemure
  3310 | D:5      | Noticed a lemure
  3310 | D:5      | Noticed a lemure
  3310 | D:5      | Noticed a lemure
  3310 | D:5      | Noticed a black bear
  3311 | D:5      | XOM: enchant monster (good)
  3321 | D:4      | a lemure changed into a crimson imp
  3321 | D:4      | XOM: polymorph lemure -> crimson imp
  3334 | D:2      | XOM: cleaving
  3336 | D:2      | XOM: scenery: 1 doors open
  3346 | D:2      | XOM: fog
  3357 | D:2      | XOM: summons friendly crimson imp
  3366 | D:2      | Killed a lemure
  3502 | D:2      | XOM: god gift: potion of degeneration
  3580 | D:2      | XOM: summons 1 hostile demon
  3875 | D:5      | Noticed a phantom
  3880 | D:4      | XOM: enchant monster (bad)
  3894 | D:4      | XOM: confuse monster(s)
  3900 | D:4      | XOM: stat loss: -1 Str (15/16)
  3912 | D:4      | XOM: torment (27/62 hp)
  3948 | D:4      | Killed a lemure
  4430 | D:5      | XOM: draining
  4443 | D:5      | Killed a phantom
  4444 | D:5      | Reached XP level 6. HP: 59/69 MP: 6/6
  4472 | D:5      | XOM: 3-stop teleportation journey
  4473 | D:5      | XOM: summons 1 hostile demon
  4480 | D:5      | XOM: noise
  4492 | D:5      | XOM: fog
  4582 | D:5      | XOM: 3-stop teleportation journey
  4644 | D:5      | XOM: noise
  4645 | D:5      | XOM: give mutations
  4645 | D:5      | Gained mutation: You are clumsy. (Dex -2) [Xom's mischief]
  4645 | D:5      | Gained mutation: You are very clumsy. (Dex -4) [Xom's
                  | mischief]
  4650 | D:5      | XOM: swap monsters
  4653 | D:5      | Noticed an ice beast
  4666 | D:5      | XOM: 2-stop teleportation journey
  4670 | D:5      | XOM: blink monster(s)
  4676 | D:5      | Reached skill level 8 in Fighting
  4679 | D:5      | Noticed Edmund
  4695 | D:5      | Reached XP level 7. HP: 39/80 MP: 2/7
  4878 | D:5      | XOM: 7-stop teleportation journey
  5078 | D:5      | XOM: confuse monster(s)
  5084 | D:5      | Edmund changed into Edmund the endoplasm
  5084 | D:5      | Noticed Edmund
  5084 | D:5      | XOM: polymorph Edmund -> Edmund the endoplasm
  5085 | D:5      | Killed Edmund the endoplasm
  5232 | D:5      | XOM: noise
  5241 | D:5      | XOM: cast spell 'Iskenderun's Battlesphere'
  5661 | D:6      | XOM: enchant monster (good)
  5801 | D:6      | Found a runed translucent door.
  5803 | D:6      | Found a runed translucent door.
  5811 | D:6      | XOM: give mutations
  5811 | D:6      | Gained mutation: You are robust. (+10% HP) [Xom's mischief]
  5811 | D:6      | Gained mutation: Your body sometimes deteriorates upon
                  | taking damage. [Xom's mischief]
  5811 | D:6      | Gained mutation: You possess an exceptional clarity of
                  | mind. [Xom's mischief]
  5848 | D:6      | Noticed a wraith
  5854 | D:6      | XOM: chaos cloud
  5880 | D:6      | Slain by a wraith

Illustrated notes

Levels and vault maps discovered:
D:1:      tarquinn_simple_flora_water_d, layout_loops_ring
D:2:      layout_basic, serial_glass, glass_columns_a, glass_columns_c,
          grunt_ministairs_9
D:3:      layout_basic, nicolae_uskayaw_dance_hall
D:4:      layout_cave_pods, temple_statues
D:5:      layout_loops_ring, uniq_pikel, uniq_edmund
D:6:      lemuel_insect_pit, layout_basic

Skill      XL: |  1  2  3  4  5  6  7 |
---------------+----------------------+-----
Fighting       | 5 6 7 8 |  8.9
Translocations | 2 3 |  3.5
Fire Magic     | 2 3 |  3.5
Polearms       | |  3.0
Dodging        | |  2.1

Action                     |  1- 3 |  4- 6 |  7- 9 || total
---------------------------+-------+-------+-------++-------
  Melee: Spear             |    97 |   255 |    79 ||   431
         Headbutt          |    16 |    27 |     5 ||    48
  Throw: Throwing net      |       |     2 |       ||     2
   Cast: Volatile Blastmot |       |     8 |     7 ||    15
  Evoke: Wand              |       |     1 |       ||     1
    Use: Scroll            |     2 |     5 |       ||     7
         Potion            |     1 |     7 |     3 ||    11
   Stab: Sleeping          |     1 |     2 |       ||     3
         Confused          |       |     1 |       ||     1
 Armour: Robe              |    29 |   211 |    60 ||   300
  Dodge: Dodged            |    20 |   120 |    58 ||   198
